 Dungeon Crawl Stone Soup version 0.21.1-1-g345015f (webtiles) character file.

45 shakethe the Skirmisher (level 3, 0/29 HPs)
             Began as a Formicid Abyssal Knight on Feb 7, 2018.
             Was a Believer of Lugonu.
             Slain by an adder (4 damage)
             ... on level 2 of the Dungeon.
             The game lasted 00:03:37 (1376 turns).

shakethe the Skirmisher (Formicid Abyssal Knight)   Turns: 1376, Time: 00:03:38

Health: 0/29       AC:  6    Str: 16    XL:     3   Next: 90%
Magic:  5/5        EV:  6    Int: 11    God:    Lugonu [**....]
Gold:   56         SH: 11    Dex: 11    Spells: 2/2 levels left

rFire    . . .     SeeInvis +   a - +1 hand axe
rCold    + . .     Gourm    .   f - +0 large shield
rNeg     . . .     Faith    .   h - +1 ring mail {rC+}
rPois    .         Spirit   .   (helmet unavailable)
rElec    .         Reflect  .   (no cloak)
rCorr    .         Harm     .   (no gloves)
MR       .....                  (no boots)
Stlth    +.........             (no amulet)
HPRegen  0.09/turn              (no ring)
MPRegen  0.09/turn              (no ring)

@: lethally poisoned (0 -> -8)
A: permanent stasis, dig shafts and tunnels, four strong arms, antennae 3
a: Dig, Shaft Self, Depart the Abyss, Bend Space, Renounce Religion


You were on level 2 of the Dungeon.
You worshipped Lugonu.
Lugonu was pleased with you.
You were hungry.

You visited 1 branch of the dungeon, and saw 2 of its levels.
You visited the Abyss 1 time.

You collected 56 gold pieces.

Inventory:

Hand Weapons
 a - a +1 hand axe (weapon)
Missiles
 e - 8 poisoned tomahawks (quivered)
Armour
 f - a +0 large shield (worn)
 h - a +1 ring mail of cold resistance (worn)
Scrolls
 b - a scroll of magic mapping {unknown}
 g - a scroll of identify {unknown}
 i - a scroll of amnesia {unknown}
Comestibles
 c - 2 rations
 j - a chunk of flesh


   Skills:
 - Level 3.2 Fighting
 * Level 3.1 Axes
 - Level 2.1 Armour
 - Level 0.8 Dodging
 + Level 1.5 Shields
 + Level 3.0 Invocations


You had 2 spell levels left.
You didn't know any spells.

Dungeon Overview and Level Annotations

Branches:
Dungeon (2/15)

Altars:

Annotations:
D:1 Robin


Innate Abilities, Weirdness & Mutations

You cannot be hasted, slowed, berserked, paralysed or teleported.
You can dig through walls and to a lower floor.
Your four strong arms can wield two-handed weapons with a shield.
You have a pair of large antennae on your head. (SInv)


Message History

You miss the adder.
The adder is severely wounded.
You feel sick. The adder bites you.
You hit the adder.
The adder is almost dead.
You feel sick. The adder bites you.
* * * LOW HITPOINT WARNING * * *
The adder bites you.
* * * LOW HITPOINT WARNING * * *
You are more poisoned.
The adder poisons you!
You barely miss the adder.
The adder is almost dead.
* * * LOW HITPOINT WARNING * * *
You feel sick. You block the adder's attack. The adder barely misses you.
Your shield prevents you from hitting the adder.
The adder is almost dead.
* * * LOW HITPOINT WARNING * * *
You feel sick. The adder bites you but does no damage. The adder bites you.
You die...

#.....##.......#
................
.....[.........#
................
#....%.........#
...............#
........)S.....#
........@)......
#.....###......#
##... ......#
### ......#
......# #######


You could see an adder.

Vanquished Creatures
  A ball python (D:1)
  2 bats (D:1)
  11 goblins
  7 hobgoblins
  4 jackals (D:1)
  4 kobolds (D:1)
  4 frilled lizards (D:1)
  4 rats (D:1)
37 creatures vanquished.

Notes
Turn   | Place    | Note
-------+----------+-------------------------------------------
     0 | Abyss:1  | shakethe the Formicid Abyssal Knight began the quest for the Orb.
     0 | Abyss:1  | Reached XP level 1. HP: 18/18 MP: 2/2
    38 | D:1      | Escaped the Abyss
   195 | D:1      | Reached XP level 2. HP: 18/24 MP: 3/3
   497 | D:1      | Reached skill level 1 in Shields
   497 | D:1      | Reached XP level 3. HP: 29/29 MP: 5/5
   524 | D:1      | Reached ** piety under Lugonu
  1069 | D:2      | Noticed Robin
  1376 | D:2      | Slain by an adder

Skill      XL: |  1  2  3 |
---------------+----------+-----
Shields        | 1 |  1.5
Invocations    | 3 |  3.0
Axes           | 3 |  3.1
Fighting       | |  3.2
Armour         | |  2.1
Dodging        | |  0.8

Action                   || total
-------------------------++-------
Melee: Hand axe          ||   104
  Use: Potion            ||     2
  Eat: Chunk             ||     1
Armor: Leather armour    ||    16
       Ring mail         ||    37
Dodge: Dodged            ||    23
Block: Large shield      ||    89
